[Event "*** Titled Tuesday Blitz"]
[Site "Chess.com"]
[Date "2020.01.07"]
[Round "9"]
[White "Keaton87"]
[Black "Gogolev_Artemy"]
[Result "1-0"]
[WhiteElo "2621"]
[BlackElo "2467"]
[TimeControl "180+2"]
[EndTime "15:04:07 PST"]
[Termination "Keaton87 won by resignation"]

1. d4 Nf6 2. Bg5 g6 3. Bxf6 exf6 4. e3 c5 5. Ne2 d5 6. g3 Nc6 7. Bg2 Be6 8. O-O Be7 9. Nbc3 cxd4 10. exd4 O-O 11.
Nf4 Qd7 12. Ncxd5 Rad8 13. Nxe7+ Nxe7 14. c3 Nd5 15. Nxd5 Bxd5 16. Bxd5 Qxd5 17. Qb3 Qf3 18. Rae1 Rfe8 19. Qd1 Qd5 20. Qb3 Qf3 21. Qa4 Re2 22. Rxe2 Qxe2 23. b3 a6 24. Qb4 Qe4 25. Qc4 h5 26. h4 f5 27. Rd1 f4 28. Qd3 Qe7 29. d5 f3 30. Qxf3 Qc5 31. c4 b5 32. Qe3 Qa3 33. c5 1-0

[Event "*** Titled Tuesday Blitz"]
[Site "Chess.com"]
[Date "2020.01.07"]
[Round "9"]
[White "CzechmVIII"]
[Black "Sjakkerntobi"]
[Result "1-0"]
[WhiteElo "2189"]
[BlackElo "2264"]
[TimeControl "180+2"]
[EndTime "15:04:07 PST"]
[Termination "CzechmVIII won by resignation"]

1. e4 c5 2. Nf3 e6 3. Nc3 Nc6 4.
d4 cxd4 5. Nxd4 Qc7 6. Qd3 a6 7. Nxc6 bxc6 8. Qg3 e5 9. Bc4 Nf6 10. O-O h5 11. Bg5 Be7 12. Bh4 Rh6 13. Qxg7 d5 14.
Qxh6 dxc4 15. Bxf6 Qd6 16. Qh8+ Kd7 17. Rad1 Qxd1 18.
Rxd1+ Ke6 19. Bxe7 Bb7 1-0

[Event "*** Titled Tuesday Blitz"]
[Site "Chess.com"]
[Date "2020.01.07"]
[Round "9"]
[White "Region_07"]
[Black "ristingho"]
[Result "1-0"]
[WhiteElo "2412"]
[BlackElo "2509"]
[TimeControl "180+2"]
[EndTime "15:04:11 PST"]
[Termination "Region_07 won by resignation"]

1. d4 Nf6 2. Bg5 d5 3. Nd2 Nbd7 4. e3 e6 5. Bd3 h6 6. Bh4 c5 7. c3 e5 8. dxe5 Nxe5 9. Bb5+ Bd7 10. Bxd7+ Nexd7 11. Ngf3 Be7 12. O-O O-O 13. Qc2 Qb6 14. e4 dxe4 15. Nxe4 Rfe8 16. Nxf6+ Bxf6 17. Bxf6 Nxf6 18. Rfe1 g6 19. h3 Kg7 20. Rxe8 Rxe8 21. Re1 Rxe1+ 22. Nxe1 Qa6 23. a3 b5 24. Nd3 Qd6 25. Qe2 c4 26. Ne5 Qe6 27. Qe3 Qd5 28. Kh2 Qd6 29. f4 Nd5 30. Qxa7 Nxf4 31. Qxf7+ Kh8 32.
Qxf4 g5 33. Nf7+ Kg7 34. Qxd6 1-0

[Event "*** Titled Tuesday Blitz"]
[Site "Chess.com"]
[Date "2020.01.07"]
[Round "9"]
[White "ExploringChess"]
[Black "GadimbayliA"]
[Result "1-0"]
[WhiteElo "2644"]
[BlackElo "2940"]
[TimeControl "180+2"]
[EndTime "15:04:14 PST"]
[Termination "ExploringChess won by resignation"]

1. e4 e5 2. f4 exf4 3. Nf3 Ne7 4. d4 d5 5. Nc3 dxe4 6. Nxe4 Nbc6 7. Bc4 Bg4 8. Bxf7+ Kxf7 9. Nfg5+ Ke8 10. Qxg4 Nxd4 11. O-O Ng6 12. Nxh7 Ne5 13. Qh5+ Nf7 14. Bxf4 Qe7 15.
Rae1 Ne6 16. Bxc7 Qxc7 17. Neg5 Qc5+ 18. Kh1 Qxg5 19. Qxf7+ 1-0

[Event "*** Titled Tuesday Blitz"]
[Site "Chess.com"]
[Date "2020.01.07"]
[Round "9"]
[White "vova-79"]
[Black "Saloni1299"]
[Result "1-0"]
[WhiteElo "2516"]
[BlackElo "2133"]
[TimeControl "180+2"]
[EndTime "15:04:31 PST"]
[Termination "vova-79 won by resignation"]

1. d4 Nf6 2. c4 g6 3. Nc3 d5 4.
Nf3 Bg7 5. Bf4 O-O 6. e3 c5 7. dxc5 Qa5 8. Rc1 dxc4 9. Bxc4 Qxc5 10. Bb3 Nc6 11. O-O Qa5 12. h3 Bf5 13. Ng5 h6 14. Nxf7 Rxf7 15. Bxf7+ Kxf7 16. Qb3+ Be6 17. Qxb7 Rc8 18.
Nb5 Nd8 19. Nd6+ Kg8 20. Qxe7 Nd5 21. Qe8+ 1-0

[Event "*** Titled Tuesday Blitz"]
[Site "Chess.com"]
[Date "2020.01.07"]
[Round "9"]
[White "Squirlolz"]
[Black "ChainsOfFantasia"]
[Result "1-0"]
[WhiteElo "2633"]
[BlackElo "2506"]
[TimeControl "180+2"]
[EndTime "15:04:37 PST"]
[Termination "Squirlolz won by resignation"]

1. Nc3 d5 2. e4 e6 3. Nf3 Nf6 4. e5 Nfd7 5. d4 c5 6. dxc5 Nc6 7. Bf4 Nxc5 8. Be2 Be7 9. O-O a6 10. Re1 b5 11. Bf1 h6 12. Ne2 Ne4 13. Ng3 Nxg3 14. hxg3 Qb6 15. Qd2 a5 16. Be3 Bc5 17. a3 Bxe3 18.
Qxe3 Qxe3 19. Rxe3 Rb8 20. b4 axb4 21. axb4 Nxb4 22.
Rb3 Nc6 23. Bxb5 Bd7 24. Bxc6 Rxb3 25. Bxd7+ Kxd7 26. cxb3 Rb8 27. Nd4 Rb4 28. Ra7+ Ke8 29. Ra4 1-0

[Event "*** Titled Tuesday Blitz"]
[Site "Chess.com"]
[Date "2020.01.07"]
[Round "9"]
[White "Konavets"]
[Black "Sebastian"]
[Result "1/2-1/2"]
[WhiteElo "2994"]
[BlackElo "2964"]
[TimeControl "180+2"]
[EndTime "15:05:06 PST"]
[Termination "Game drawn by repetition"]

1. d4 Nf6 2. Nf3 d5 3. Bf4 e6 4. e3 Bd6 5. Bg3 O-O 6. Nbd2 c5 7. c3 Qc7 8. Bd3 Nbd7 9. O-O b6 10. e4 Bxg3 11.
hxg3 dxe4 12. Nxe4 Bb7 13. Nxf6+ Nxf6 14. dxc5 Qxc5 15.
Qe2 Rfd8 16. Rad1 h6 17. Ba6 Bd5 18. a3 Rab8 19. Nd4 Ne4 20. Bd3 Nf6 21. Ba6 Qc7 22. Rfe1 Qc5 23. Rf1 1/2-1/2

[Event "*** Titled Tuesday Blitz"]
[Site "Chess.com"]
[Date "2020.01.07"]
[Round "9"]
[White "Zq1"]
[Black "Everyfishknows"]
[Result "1-0"]
[WhiteElo "2512"]
[BlackElo "2334"]
[TimeControl "180+2"]
[EndTime "15:05:06 PST"]
[Termination "Zq1 won on time"]

1. d4 Nf6 2. c4 e6 3. Nc3 Bb4 4. e3 O-O 5. Bd3 d5 6. cxd5 exd5 7. Ne2 c6 8. O-O Re8 9. Bd2 Bd6 10. f3 Nbd7 11.
a3 Qc7 12. h3 a6 13. b4 b5 14. e4 a5 15. e5 Nxe5 16. dxe5 Bxe5 17. Rc1 Nh5 18.
Nxd5 Qa7+ 19. Be3 Bh2+ 20. Kxh2 Rxe3 21. Nxe3 Qxe3 22. Rc3 Qe7 23. Be4 Bb7 24. Qd4 axb4 25. axb4 Ra2 26. Re3 Qc7+ 27. f4 Nf6 28. Qe5 Qd7 29. Nd4 1-0

[Event "*** Titled Tuesday Blitz"]
[Site "Chess.com"]
[Date "2020.01.07"]
[Round "9"]
[White "FredyMatsuura"]
[Black "Caisachess"]
[Result "1-0"]
[WhiteElo "2256"]
[BlackElo "2352"]
[TimeControl "180+2"]
[EndTime "15:05:24 PST"]
[Termination "FredyMatsuura won by resignation"]

1. d4 Nf6 2. c4 e6 3. Nf3 Bb4+ 4. Nbd2 O-O 5. a3 Be7 6. e4 d5 7. e5 Nfd7 8. cxd5 exd5 9. Bd3 c5 10. h4 cxd4 11. Bxh7+ Kxh7 12. Ng5+ Bxg5 13. hxg5+ Kg6 14. Qh5+ Kf5 15. Nf3 Ke6 16. Nxd4+ Ke7 17. Nf5+ Ke6 18. Nxg7+ Ke7 19. g6 Qa5+ 20. Bd2 Qb5 21. Qh4+ f6 22. Bb4+ Nc5 23. exf6+ Rxf6 24. Nh5 Be6 25. Qxf6+ Kd7 26. Nf4 1-0

[Event "*** Titled Tuesday Blitz"]
[Site "Chess.com"]
[Date "2020.01.07"]
[Round "9"]
[White "Terao90"]
[Black "Supernotar"]
[Result "0-1"]
[WhiteElo "2450"]
[BlackElo "2557"]
[TimeControl "180+2"]
[EndTime "15:05:25 PST"]
[Termination "Supernotar won by resignation"]

1. d4 d5 2. c4 dxc4 3. Nf3 Nf6 4.
e3 e6 5. Bxc4 a6 6. O-O b5 7. Be2 Bb7 8. b3 Nbd7 9. Bb2 c5 10. Nbd2 Qb6 11. Rc1 Be7 12. a3 Rc8 13.
dxc5 Bxc5 14. b4 Be7 15. Rxc8+ Bxc8 16. Bd4 Qb8 17. Qb3 Bb7 18. Rc1 O-O 19. Qb2 Rc8 20.
Nb3 Rxc1+ 21. Qxc1 Ng4 22. Nbd2 e5 23. h3 exd4 24. hxg4 dxe3 25. fxe3 Qg3 26. Nf1 Qxg4 27. Qc7 Bd5 28. Kf2 Bf8 29. N1h2 Qe6 30. Nd4 Qf6+ 31. Nhf3 Nb6 32. g4 h6 0-1

[Event "*** Titled Tuesday Blitz"]
[Site "Chess.com"]
[Date "2020.01.07"]
[Round "9"]
[White "KhazarBabazada"]
[Black "Dynamikus"]
[Result "1-0"]
[WhiteElo "2916"]
[BlackElo "2653"]
[TimeControl "180+2"]
[EndTime "15:05:26 PST"]
[Termination "KhazarBabazada won by checkmate"]

1. e4 e5 2. Nf3 Nf6 3. Nxe5 d6 4. Nf3 Nxe4 5. c3 d5 6. d3 Nf6 7. d4 Bd6 8. Bd3 Qe7+ 9. Be3 Ng4 10. Qe2 Nxe3 11. fxe3 Nd7 12. O-O Nf6 13. Nbd2 Bd7 14. Rae1 O-O-O 15. e4 dxe4 16. Nxe4 Nxe4 17. Bxe4 Rde8 18.
Qd3 Qd8 19. b4 Kb8 20. b5 Re7 21. c4 Bb4 22. Rb1 Ba5 23. c5 Rhe8 24. Ne5 f6 25. Nxd7+ Rxd7 26. Bxb7 Rxd4 27. Qf3 Rd3 28. Qc6 Re5 29. Ba8 Qc8 30. Rfd1 Rxd1+ 31. Rxd1 Rxc5 32. Qf3 Rxb5 33. Kh1 c5 34. Bc6 Rb6 35. Qf4+ Qc7 36. Rd8# 1-0

[Event "*** Titled Tuesday Blitz"]
[Site "Chess.com"]
[Date "2020.01.07"]
[Round "9"]
[White "FairChess_on_YouTube"]
[Black "platy3"]
[Result "1-0"]
[WhiteElo "3001"]
[BlackElo "2902"]
[TimeControl "180+2"]
[EndTime "15:05:27 PST"]
[Termination "FairChess_on_YouTube won by resignation"]

1. e4 c5 2. Nc3 Nc6 3. Nge2 Nf6 4. d4 cxd4 5. Nxd4 d6 6. h3 e5 7. Nf3 Be7 8. Bc4 O-O 9. a3 Be6 10. Ba2 h6 11. O-O Rc8 12. Be3 a6 13. Nh4 Bxa2 14. Rxa2 Nxe4 15. Nxe4 Bxh4 16. Nxd6 Rb8 17. c4 Be7 18. Nf5 Qxd1 19. Rxd1 Rfd8 20. Nxe7+ Nxe7 21. Raa1 Kf8 22. Bb6 Rxd1+ 23. Rxd1 Ke8 24. Bc7 Rc8 25. Bxe5 f6 26. Bd6 Nf5 27. b3 Rd8 28. Re1+ Kf7 29. Bc5 Rd3 30. g4 b6 31. Bxb6 Rxb3 32. Bc5 Nh4 33. Re3 Rb1+ 34. Kh2 Rc1 35. Re7+ Kg6 36.
Kg3 Rxc4 37. Be3 1-0

[Event "*** Titled Tuesday Blitz"]
[Site "Chess.com"]
[Date "2020.01.07"]
[Round "9"]
[White "kasparicy"]
[Black "SCIM"]
[Result "0-1"]
[WhiteElo "2313"]
[BlackElo "2463"]
[TimeControl "180+2"]
[EndTime "15:05:29 PST"]
[Termination "SCIM won by resignation"]

1. e4 c5 2. Nf3 e6 3. d4 cxd4 4. Nxd4 Nc6 5. Nc3 Qc7 6. Be2 Nf6 7. Be3 a6 8. O-O b5 9. a3 Bb7 10. f4 Nxd4 11. Qxd4 Rc8 12. Bf3 Bc5 13. Qxc5 Qxc5 14. Bxc5 Rxc5 15. e5 Bxf3 16. exf6 Bc6 17. fxg7 Rg8 18.
g3 Rxg7 19. Rad1 h5 20. Rd3 h4 21. Re1 hxg3 22. hxg3 Rh5 23. Re2 Rh1+ 24. Kf2 f5 25. Na2 Bd5 26. b3 Be4 27. Rde3 Rh2+ 28. Ke1 Rxe2+ 29. Kxe2 Bxc2 30. b4 Rh7 31. Kd2 Be4 32. Nc3 d5 33. Nxe4 fxe4 34. Kc3 Kd7 35. Kd4 Kd6 36.
g4 Rc7 37. Rc3 Rf7 38. Ke3 e5 39. f5 d4+ 0-1

[Event "*** Titled Tuesday Blitz"]
[Site "Chess.com"]
[Date "2020.01.07"]
[Round "9"]
[White "Sven_Tica"]
[Black "hansen"]
[Result "0-1"]
[WhiteElo "2666"]
[BlackElo "2875"]
[TimeControl "180+2"]
[EndTime "15:05:38 PST"]
[Termination "hansen won by resignation"]

1. d4 Nf6 2. c4 e6 3. g3 d5 4. Bg2 Bb4+ 5. Bd2 Be7 6. Nf3 O-O 7. O-O c6 8. Qc2 b6 9. Bf4 Bb7 10. Rd1 Nbd7 11. Ne5 Rc8 12. Nc3 dxc4 13. Nxc4 Nd5 14. Nd6 Bxd6 15. Bxd6 Re8 16. Ne4 N7f6 17. Be5 Nxe4 18.
Bxe4 f5 19. Bg2 c5 20. dxc5 Rxc5 21. Qb3 Qe7 22. Rac1 Rec8 23. Rxc5 Rxc5 24. Bd4 Rc8 25. e4 fxe4 26. Bxe4 h6 27. Be5 Qf7 28. Qf3 Qxf3 29. Bxf3 Rc2 30. h4 Kf7 31. h5 Bc6 32. Be4 Re2 33.
Bg6+ Kf8 34. Bd4 Bb5 35. Kg2 e5 36. a4 exd4 37. axb5 Ne3+ 38. Kf3 Rxf2+ 39. Kxf2 Nxd1+ 40. Ke2 Nxb2 41. Kd2 Ke7 42. Be4 Kd6 43. Kc2 Nc4 44.
Kd3 Kc5 45. Bf5 Nd6 46. Bd7 Nxb5 0-1

[Event "*** Titled Tuesday Blitz"]
[Site "Chess.com"]
[Date "2020.01.07"]
[Round "9"]
[White "PawnEatingZombie"]
[Black "AleksanderHnydiuk"]
[Result "1/2-1/2"]
[WhiteElo "2306"]
[BlackElo "2410"]
[TimeControl "180+2"]
[EndTime "15:05:43 PST"]
[Termination "Game drawn by agreement"]

1. d4 Nf6 2. c4 c5 3. d5 b5 4.
cxb5 a6 5. e3 axb5 6. Bxb5 Qa5+ 7. Nc3 Bb7 8. Bd2 Qb6 9. Nf3 Nxd5 10. a4 Nb4 11. e4 g6 12. Nd5 Nxd5 13. exd5 Bg7 14.
Bc3 Bxc3+ 15. bxc3 Qf6 16. O-O O-O 17. c4 e6 18. Qd2 exd5 19. cxd5 d6 20. Ng5 Na6 21. Ne4 Qe5 22. Rfe1 Nb4 23. Nxc5 Qxd5 24. Qxd5 Bxd5 25. Nd7 Rfd8 26. Nf6+ Kg7 27. Nxd5 Nxd5 28. Bc6 Ra5 29. Bxd5 Rxd5 30. a5 Ra8 31. a6 Ra7 32. g3 Rc5 33. Re2 Rc6 34. Rea2 d5 35. Kf1 Re6 36. h4 h5 37. Ra4 Kf8 38. Rd1 Rd6 39. Rad4 Raxa6 40. Rxd5 Rxd5 41. Rxd5 Ra2 42. Rd7 1/2-1/2

[Event "*** Titled Tuesday Blitz"]
[Site "Chess.com"]
[Date "2020.01.07"]
[Round "9"]
[White "Witik"]
[Black "Kumi29"]
[Result "1-0"]
[WhiteElo "2674"]
[BlackElo "2498"]
[TimeControl "180+2"]
[EndTime "15:05:46 PST"]
[Termination "Witik won by checkmate"]

1. e4 d5 2. exd5 Qxd5 3. Nc3 Qd8 4. d4 Nf6 5. Nf3 g6 6. Bg5 Bg7 7. Qd2 O-O 8. O-O-O b6 9. Bc4 Bb7 10. h4 h5 11. Ne5 e6 12. f3 Nc6 13. Qe1 Ne7 14.
g4 hxg4 15. h5 Nxh5 16. fxg4 Bxh1 17. gxh5 Bd5 18. hxg6 Bxc4 19. Qh4 Nxg6 20. Nxg6 f6 21. Be3 f5 22. Bg5 Qe8 23. Nxf8 Qxf8 24. Rg1 c5 25. Bf6 cxd4 26. Qh6 dxc3 27. Rxg7+ Qxg7 28. Qxg7# 1-0

[Event "*** Titled Tuesday Blitz"]
[Site "Chess.com"]
[Date "2020.01.07"]
[Round "9"]
[White "szefru"]
[Black "AndrewDGreen"]
[Result "0-1"]
[WhiteElo "2114"]
[BlackElo "2210"]
[TimeControl "180+2"]
[EndTime "15:05:47 PST"]
[Termination "AndrewDGreen won by checkmate"]

1. b3 e5 2. Bb2 Nc6 3. g3 Nf6 4. Bg2 d5 5. e3 Be6 6. d3 Qd7 7. Ne2 Bh3 8. O-O h5 9. f4 Bxg2 10. Kxg2 h4 11. f5 hxg3 12. Nxg3 O-O-O 13. Nd2 Bc5 14. Qf3 Rh4 15. a3 Ng4 16. Rh1 Nxe3+ 17. Kf2 Nxc2+ 18.
Ke2 Nxa1 19. Bxa1 Bd4 20. Qg2 Rf4 21. Nf3 Bxa1 22. Rxa1 Nd4+ 23. Nxd4 exd4 24. Kd2 Re8 25. Ne2 Rh4 26. Qg3 Qe7 27. Rc1 Qxe2# 0-1

[Event "*** Titled Tuesday Blitz"]
[Site "Chess.com"]
[Date "2020.01.07"]
[Round "9"]
[White "FrogMist"]
[Black "2165149677570"]
[Result "1-0"]
[WhiteElo "2410"]
[BlackElo "2288"]
[TimeControl "180+2"]
[EndTime "15:05:50 PST"]
[Termination "FrogMist won by resignation"]

1. e4 c5 2. Nf3 d6 3. d4 cxd4 4. Nxd4 Nf6 5. Nc3 a6 6. Bg5 e6 7. f4 b5 8. e5 dxe5 9. fxe5 Qc7 10. exf6 Qe5+ 11. Be2 Qxg5 12. O-O Ra7 13. Qd3 Rd7 14.
Ne4 Qg6 15. a4 e5 16. c3 exd4 17. Rae1 Kd8 18. axb5 dxc3 19. Qxc3 Qxe4 20. fxg7 Bxg7 21. Qxg7 Qd4+ 22. Qxd4 Rxd4 23. bxa6 Re8 24. a7 1-0

[Event "*** Titled Tuesday Blitz"]
[Site "Chess.com"]
[Date "2020.01.07"]
[Round "9"]
[White "chessbia"]
[Black "FearlessKing64"]
[Result "0-1"]
[WhiteElo "2183"]
[BlackElo "2289"]
[TimeControl "180+2"]
[EndTime "15:05:52 PST"]
[Termination "FearlessKing64 won by resignation"]

1. Nf3 Nf6 2. e3 c5 3. c4 Nc6 4. Nc3 g6 5. b3 Bg7 6. Bb2 O-O 7. Ne2 d5 8. cxd5 Qxd5 9. Nf4 Qd6 10. Be2 Bf5 11. O-O e5 12. Nh3 Bxh3 13. gxh3 Rad8 14. d3 Nd5 15. Nd2 Ndb4 16. Ne4 Qe7 17. a3 Nd5 18. Rc1 b6 19. b4 f5 20. Ng3 f4 21. Ne4 fxe3 22.
bxc5 exf2+ 23. Kh1 Ne3 24. Qb3+ Kh8 25. cxb6 Nd4 26.
Bxd4 exd4 27. Rc7 Qh4 28. bxa7 Qxh3 0-1

[Event "*** Titled Tuesday Blitz"]
[Site "Chess.com"]
[Date "2020.01.07"]
[Round "9"]
[White "temus_galaktionov"]
[Black "chessdjw"]
[Result "1-0"]
[WhiteElo "2758"]
[BlackElo "2649"]
[TimeControl "180+2"]
[EndTime "15:05:56 PST"]
[Termination "temus_galaktionov won by resignation"]

1. d4 d5 2. Nf3 e6 3. c4 a6 4. cxd5 exd5 5. Nc3 Nf6 6. Bf4 Bd6 7. Bxd6 Qxd6 8. e3 O-O 9. Bd3 c6 10. O-O Bg4 11. h3 Bh5 12. g4 Bg6 13. Bxg6 hxg6 14. Ne5 c5 15. f4 Nc6 16. Qd2 cxd4 17. exd4 Ne4 18. Qe3 Nxc3 19. bxc3 Rfe8 20. Qd3 Re7 21. Rf3 Rae8 22. Raf1 b5 23. Kg2 Qc7 24. h4 Qb6 25. h5 gxh5 26. gxh5 b4 27. Rg3 f6 28. Ng4 Kf8 29.
h6 gxh6 30. Nxf6 Re2+ 31. Kh3 Nxd4 32. Nd7+ Kf7 33. Nxb6 1-0

[Event "*** Titled Tuesday Blitz"]
[Site "Chess.com"]
[Date "2020.01.07"]
[Round "9"]
[White "GianmarcoVaR"]
[Black "Hikaru"]
[Result "0-1"]
[WhiteElo "2609"]
[BlackElo "3111"]
[TimeControl "180+2"]
[EndTime "15:06:02 PST"]
[Termination "Hikaru won by resignation"]

1. d4 e6 2. Nf3 b6 3. g3 Bb7 4. Bg2 f5 5. O-O Nf6 6. c4 Qc8 7. Nc3 Bb4 8. Qb3 Bxc3 9. Qxc3 O-O 10.
b3 d6 11. Bb2 Nbd7 12. Qe3 Re8 13. Rfd1 h6 14. Rac1 Ng4 15. Qd2 Ndf6 16. Rf1 Ne4 17.
Qd1 Ngf6 18. Ne1 Ng5 19. f3 Nf7 20. Bh3 Ng5 21. Bg2 e5 22. d5 Qd7 23. Nd3 Qe7 24. Nb4 a5 25. Nc6 Bxc6 26. dxc6 f4 27. Qd2 Ne6 28.
e3 Nh5 29. exf4 exf4 30. g4 Nf6 31. h4 Nh7 32. Rfe1 Qxh4 33. Qd5 Qe7 34. Bf1 Ng5 35. Bd3 Qf7 36. Bf5 Nc5 37. Bd7 Rxe1+ 38. Rxe1 Qxd5 39.
cxd5 Nxf3+ 40. Kf2 Nxe1 41. Kxe1 Nd3+ 42. Kd2 Nxb2 43.
Kc2 Rf8 44. Kxb2 f3 0-1

[Event "*** Titled Tuesday Blitz"]
[Site "Chess.com"]
[Date "2020.01.07"]
[Round "9"]
[White "stoleriu"]
[Black "manmanlai1"]
[Result "1-0"]
[WhiteElo "2550"]
[BlackElo "2389"]
[TimeControl "180+2"]
[EndTime "15:06:02 PST"]
[Termination "stoleriu won by resignation"]

1. e4 c6 2. d4 d5 3. Nc3 dxe4 4. Nxe4 Nf6 5. Nxf6+ exf6 6. Bc4 Bd6 7. Qe2+ Be7 8.
Be3 O-O 9. O-O-O Nd7 10. h4 Nb6 11. Bd3 Re8 12. Qh5 f5 13. Ne2 Qd5 14. Nc3 Qa5 15. Kb1 Be6 16. Rh3 Rad8 17. Rg3 g6 18. Qh6 Bf8 19. Qg5 Be7 20. Qh6 Bf8 21. Qh5 Bb4 22. Bd2 Rxd4 23. a3 f4 24. Rg5 Nd5 25. Nxd5 Bxd2 26.
Nf6+ Kf8 27. Qh6+ Ke7 28. Rxa5 1-0

[Event "*** Titled Tuesday Blitz"]
[Site "Chess.com"]
[Date "2020.01.07"]
[Round "9"]
[White "TheBigBadChessDad"]
[Black "tomozupan"]
[Result "1-0"]
[WhiteElo "2293"]
[BlackElo "2191"]
[TimeControl "180+2"]
[EndTime "15:06:08 PST"]
[Termination "TheBigBadChessDad won by resignation"]

1. g3 Nf6 2. Bg2 g6 3. d4 Bg7 4. e4 d6 5. f4 O-O 6. c3 Nc6 7. e5 dxe5 8. fxe5 Nd5 9. Nf3 Bg4 10. O-O e6 11. h3 Bxf3 12. Qxf3 Nce7 13. Nd2 c5 14.
Ne4 cxd4 15. cxd4 Qb6 16. Nf6+ Bxf6 17. exf6 Qxd4+ 18. Kh1 Nf5 19. Bg5 h6 20. Rad1 Qxb2 21. g4 hxg5 22. gxf5 Nf4 23. fxg6 fxg6 24. Rd7 Rxf6 25. Rxb7 Raf8 26. Rxb2 Nxg2 27. Qxf6 1-0

[Event "*** Titled Tuesday Blitz"]
[Site "Chess.com"]
[Date "2020.01.07"]
[Round "9"]
[White "TypeThreeWaffles"]
[Black "MikeSailer"]
[Result "1-0"]
[WhiteElo "2429"]
[BlackElo "2101"]
[TimeControl "180+2"]
[EndTime "15:06:08 PST"]
[Termination "TypeThreeWaffles won on time"]

1. e4 d5 2. exd5 Qxd5 3. Nc3 Qd6 4. d4 Nf6 5. Nf3 c6 6. Ne5 Nbd7 7. Nc4 Qc7 8. Qf3 Nb6 9. Bf4 Qd7 10. O-O-O Qg4 11. Ne5 Qxf3 12. Nxf3 Bg4 13. Be2 e6 14. h3 Bh5 15. g4 Bg6 16. Ne5 Ne4 17. Nxe4 Bxe4 18. f3 Bg6 19. h4 f6 20. Nxg6 hxg6 21. Bd3 Kf7 22. h5 g5 23. Bd2 Bd6 24. c4 c5 25.
dxc5 Bxc5 26. b3 Rhd8 27. Bg6+ Kg8 28. Bc3 e5 29. Be4 Be3+ 30. Kc2 Rdb8 31. a4 a5 32. h6 Rd8 33. Rxd8+ Rxd8 34. Bxa5 gxh6 35. Rxh6 Rd7 36. Rxf6 Nc8 37. Bf5 1-0

[Event "*** Titled Tuesday Blitz"]
[Site "Chess.com"]
[Date "2020.01.07"]
[Round "9"]
[White "shanemelaughcm"]
[Black "Irishchessman16"]
[Result "0-1"]
[WhiteElo "2273"]
[BlackElo "2227"]
[TimeControl "180+2"]
[EndTime "15:06:10 PST"]
[Termination "Irishchessman16 won by resignation"]

1. e4 c5 2. d4 cxd4 3. c3 Nf6 4. e5 Nd5 5. Nf3 Nc6 6. Bc4 Nb6 7. Bb3 d5 8. cxd4 Bg4 9. Nc3 e6 10. Be3 Be7 11.
a3 O-O 12. Bc2 Bh5 13. h4 Bg6 14. h5 Bxc2 15. Qxc2 h6 16. Rh3 f5 17. exf6 Bxf6 18.
Qg6 Qe8 19. Qg4 e5 20. O-O-O e4 21. Nh4 Bxh4 22. Rxh4 Kh7 23. Rh3 Rf6 24. Rg3 Qf7 25.
Kb1 Rd8 26. Ne2 Qd7 27. Qh4 Nc4 28. Nf4 N6a5 29. Ng6 Qb5 30. Bc1 Nb3 31. Rxb3 Qxb3 32. Rh1 Nxa3+ 33. Ka1 Nc2+ 34. Kb1 Nb4 35. Rh3 Qc2+ 0-1

[Event "*** Titled Tuesday Blitz"]
[Site "Chess.com"]
[Date "2020.01.07"]
[Round "9"]
[White "luis-garcia"]
[Black "esteban062000"]
[Result "1-0"]
[WhiteElo "2132"]
[BlackElo "2000"]
[TimeControl "180+2"]
[EndTime "15:06:11 PST"]
[Termination "luis-garcia won by resignation"]

1. d4 Nf6 2. c4 e6 3. Nf3 Bb4+ 4.
Bd2 Qe7 5. e3 O-O 6. Bd3 Bxd2+ 7. Nbxd2 c5 8. O-O cxd4 9. exd4 d5 10. Ne5 Nc6 11. Nxc6 bxc6 12. cxd5 cxd5 13. Qe2 Rb8 14. Nf3 Bd7 15. b3 Qb4 16. Rad1 Bb5 17. Ne5 Rfc8 18.
Bxb5 Qxb5 19. Qxb5 Rxb5 20. Rc1 Rbb8 21. Nc6 Kf8 22.
Nxb8 Rxb8 23. Rc7 Ra8 24. Rfc1 a5 25. Rc8+ Rxc8 26. Rxc8+ Ke7 27. Ra8 Ne4 28. Rxa5 Nc3 29. Ra8 Ne2+ 30. Kh1 Nxd4 31. b4 Nb5 32. a4 Nc3 33. a5 d4 34. Rc8 Nd5 35. a6 d3 36.
Rc1 e5 37. b5 e4 38. a7 Nb6 39. Kg1 f5 40. Kf1 f4 41. Ke1 e3 42. Rc3 d2+ 43.
Ke2 exf2 44. Rd3 Ke6 45. Kxf2 Ke7 46. Rxd2 g5 47. Kf3 h5 48. h3 Ke8 49. Rd6 1-0

[Event "*** Titled Tuesday Blitz"]
[Site "Chess.com"]
[Date "2020.01.07"]
[Round "9"]
[White "Chessalary"]
[Black "BjarkeSahl"]
[Result "1-0"]
[WhiteElo "2119"]
[BlackElo "2214"]
[TimeControl "180+2"]
[EndTime "15:06:26 PST"]
[Termination "Chessalary won on time"]

1. e4 c5 2. Nf3 Nc6 3. d4 cxd4 4.
Nxd4 Nf6 5. Nc3 e5 6. Ndb5 d6 7. Bg5 a6 8. Na3 b5 9. Nd5 Be7 10. Bxf6 Bxf6 11. c3 Bg5 12. h4 Bh6 13. Nc2 O-O 14.
a4 bxa4 15. Rxa4 a5 16. Bc4 Nb8 17. b4 Nd7 18. bxa5 Nc5 19. Ra3 Kh8 20. Ncb4 Be6 21. Qe2 Rc8 22. a6 g6 23. a7 Kg7 24. Bb5 Bxd5 25. exd5 Qb6 26. Bc6 Nb7 27. Qa6 Qxa6 28. Nxa6 1-0

[Event "*** Titled Tuesday Blitz"]
[Site "Chess.com"]
[Date "2020.01.07"]
[Round "9"]
[White "Genghis_K"]
[Black "Parhamov"]
[Result "0-1"]
[WhiteElo "2910"]
[BlackElo "3055"]
[TimeControl "180+2"]
[EndTime "15:06:32 PST"]
[Termination "Parhamov won by resignation"]

1. e4 e5 2. Nf3 Nc6 3. Nc3 Nf6 4. d4 exd4 5. Nxd4 Bb4 6. Nxc6 bxc6 7. Bd3 d5 8. Bd2 O-O 9. O-O Re8 10. Nxd5 Nxd5 11. exd5 Bxd2 12. Qxd2 cxd5 13. b4 Qd6 14. Rfe1 Bd7 15.
a3 h6 16. h3 a6 17. Rxe8+ Rxe8 18. Re1 Rxe1+ 19. Qxe1 Kf8 20. Qe3 Bb5 21. Qd4 f6 22.
Bg6 Ke7 23. c3 Qe5 24. f4 Qd6 25. Kf2 Kd8 26. Bh5 g5 27. Bf3 Bc4 28. fxg5 hxg5 29. a4 Kc8 30. Qg4+ Kb8 31. Qd4 Qe6 32. Bg4 f5 33.
Bd1 f4 34. Bf3 Qe7 35. h4 g4 36. Qxf4 gxf3 37. gxf3 Qe2+ 38. Kg3 Qe1+ 39. Kg4 Qxc3 40.
h5 d4 41. h6 d3 42. Qf8+ Kb7 43. h7 d2 44. h8=Q Qxh8 45. Qxh8 d1=Q 46. Qc3 Bd5 47. a5 Qxf3+ 48. Qxf3 Bxf3+ 49. Kxf3 Kc6 50. Ke4 Kb5 51. Kd5 Kxb4 52. Kc6 Kxa5 53. Kb7 c5 54. Ka8 c4 0-1

[Event "*** Titled Tuesday Blitz"]
[Site "Chess.com"]
[Date "2020.01.07"]
[Round "9"]
[White "francyIM"]
[Black "wadsy27"]
[Result "1-0"]
[WhiteElo "2613"]
[BlackElo "2467"]
[TimeControl "180+2"]
[EndTime "15:06:32 PST"]
[Termination "francyIM won by resignation"]

1. d4 Nf6 2. c4 c5 3. Nf3 e6 4. g3 cxd4 5. Nxd4 Nc6 6. Bg2 Qb6 7. Nb5 Bc5 8. O-O a6 9. N5c3 Qc7 10. Bf4 d6 11. Nd2 Ne5 12. Nde4 Nxe4 13. Nxe4 f5 14.
Nxc5 Qxc5 15. Rc1 O-O 16. a3 a5 17. Qd2 a4 18. Be3 Qc7 19. c5 d5 20. Bf4 g5 21.
Bxg5 Ng6 22. h4 Bd7 23. h5 Nh8 24. Bh6 Nf7 25. Bxf8 Rxf8 26. Qd4 Qe5 27. Qxe5 Nxe5 28.
Rfd1 Bb5 29. Rc2 Nc4 30. Rxd5 exd5 31. Bxd5+ Kg7 32. Bxc4 Bc6 33. f3 Rd8 34. Kf2 Rd1 35. Bd3 Kf6 36. Rc4 Rh1 37. Bc2 Rxh5 38. Bxa4 Rh2+ 39. Ke3 Rg2 40. Bxc6 bxc6 41. g4 fxg4 42. Rxg4 Rh2 43. b4 h5 44. Rd4 Rh1 45. Rd6+ Ke5 46.
Rxc6 h4 47. Rh6 h3 48. c6 h2 49. a4 Kf5 50. c7 1-0